Map: Habitation Station LE (Void)

Players

KeeN

  • Race: Terran Terran
  • Spawn Location: 1:00

LiquidSnute (Snute) - Winner!

  • Race: Zerg Zerg
  • League: Grandmaster
  • Spawn Location: 11:00

VOD

https://www.youtube.com/watch?v=uxfntemoLP4

Description

The Rule of 1-gas ZvT is a build that uses the bare minimum of gas to power up the huge production that Zerg need to mass muta-ling-bane in numbers that can rival the endless Terran bio-mine pushes. You will use a mineral-only defence of mass queens and lings to defend all early aggression and begin covering the map in creep. Meanwhile you use just a single gas geyser to get basics like upgrades started whilst all of your focus is on minerals. Since you focus so much on minerals you can afford to overwhelm aggression whilst massing drones and then suddenly explode into extra gas mining only once all 3 bases are fully saturated on 16+ drones on minerals.

This style jumps straight to the macro game where you have a big income and need to spend well. It will push you to organise your macro cycle and improve your spending. Creep spread is integral to the effectiveness of this style so you will need to focus a lot more on creep than you ever have before! Within a few games with this style you’ll find yourself with hordes of ling-bane swarming your opponent and relentlessly rolling over the top of their pushes… even when floating thousands of unspent minerals! As you get more experience you’ll improve your micro vs mines, learn when and how to use deadly counterattacks and to use any lull in pressure to grow your creep exponentially.

Build Order

17 hatch 18 gas 17 pool
Pull off gas at 100 for ling speed
3rd queen ASAP
3:30 3rd hatchery + back on gas
Then start nonstop queen production and put back on gas
Drone super hard
4:45-5:00 2xevo
Fast bane nest at 5:10 this game - being very safe vs a potential hellbat followup
@3-base saturation - take 5 gases
6:00 (your next 100 gas after 1-1 and bane nest) - Lair (very late this game because snute made 4 safety banelings because he wasn’t scouting, he was worried about a big hellbat-marine-medivac attack.
10-12 total queen count, 3 injecting, the rest as your defence/creep squad
4th base + macro hatch (double macro hatch until you get better at spending money) as soon as you have extra money. Should be around 5:00 in most games

2-2 is a bit late in this game because of late lair and an engagement distracting snute
Maximum 15 mutas: Huge focus on ling-bane
You can go corruptors or infestors → Ultras instead of mutas and this is still an ideal build for those styles. However mutas is the more common approach
In rare situations you can mass mutas very high off this opening and do big counterattacks with them’

Notes
Taking the gas: Many players struggle with the mechanics of quickly taking so many gas at once whilst keeping up miuacro. My favourite method involves bouncing between each base and resetting its drone rally to the minerals whilst dropping the geysers. This way your new drones popping will naturally spread across all 3 bases rather than all running to the 3rd and then having to send them back to your main and natural gas geysers.
Double Macro hatch
When you’re first getting used to the style you will need 2 macro hatcheries and a 4th base all much earlier than you would with other builds. It’s important to get these early because once you hit 66 drones you’ll have an endless hunger for larva to mass out your ling-bane armies
Dumping Queen energy
As soon as your macro hatches and 4th base finish you should que up your queens to “dump” a huge amount of injects all at once. This will turn these extra hatcheries into nonstop producing “larva-machines” without you having to learn an APM-inefficient inject cycle where you try to hit all 6 hatches.
Creep-spread
Don’t mass tumors - just 2-3 tumors in any one direction is more than enough - focus on spreading active tumors rather than throwing down masses of new tumors. This way you can get into a rhythm and do it regularly and APM-efficiently
Creep-queen hotkey and positioning
It’s vital you have a dedicated hotkey to your creep queens.
You need to manually target them onto medivacs in the earlygame
You need to be able to easily tell them to re-spread creep throughout the entire game
After you spread creep always use shift to que them to walk back to a safe area - if you leave your queens exposed on the edge of creep they can easily be sniped by stimmed bio when you’re not watching
Don’t let him pull you around - You need to stop them disrupting your macro so you can focus on your build and spending your income constantly
Jump under the medivacs with lings whenever you force them to pickup so they can’t just unload off the edge of creep and poke back in again.
Even small ling counterattacks that you don’t micro heavily can pull your opponents attention away, buying you precious moments to get your macro in order
Clicking small squads of ling-bane into a push edging onto creep is a great way to force a lot of APM and attention away from your opponent - as well as being an efficient way to set off widow mines before the main engagement
Counterattacks
From 150 supply+ direct engagements can become problematic as the marauder wall thickens and the explosive damage of the mines and marines becomes harder to overwhelm. At this point you want to use your mobility to gain advantage rather than attacking in a huge blob into a pre-spread terran army off creep.
Huge ling counterattacks of 50-100 lings have great explosive power. You usually want to hit the natural and try to get some lings into the main on top of the production whilst the rest overwhelm any units at the rally point and clear the natural mineral line. Even the best players will usually react too slowly to raise their depots in time.
You can add banelings in and roll banes into mineral lines however as it hits slower and takes more time to set up it’s harder to master these counterattacks

Stages of Learning:
Stage 1 - Refining the Opening
When you’re first learning you will struggle with building such a fast economy whilst defending pressure
Focus just on constant spending of larva and not getting supply blocked whilst spreading creep and defending
Drop evos, lair, bane nest, all around the same time when you have the spare APM and money - don’t stress over these being “late” once the economy building is natural you can work on getting these just right
Stage 2 - Rhythm
Stop at 66 drones each game - never go up to the ideal potential worker count of 75-80 drones. Only transfer drones to 4th base onwards as your bases mine out
Stay on muta-ling-bane and Lair tech all game. Never go Hive.
This will force you to focus on your earlygame buildup and simplify the mid to lategame
Allowing you to focus on your creep + production + engagement rhythm and your handling of mutalingbane.

Common Questions:
Isn’t your gas too slow? How will you get enough banelings or mutas to survive?
Lings actually more important
mutas/banes can help you defend the first few waves but you’ll be behind on production economy and won’t be able to keep up unless they mess up their spreads vs banes

I can’t spend my money - is this build too advanced for me?
Even GM players can’t spend their money when they first start learning this style - it just takes a bit of practice!
I regularly have gold-diamond players first learning this build floating vast amounts of minerals, but still crushing their opponents. Even though your spending won’t be perfect, following this build will push you into strong macro play and teach you to improve drastically at it

Time

  • Played on: Jan. 16, 2017, 3:45 p.m.
  • Length: 13:28
Show
View Real Time Build Order
Export as new Build Order

KeeN Terran 

Build Orders: Reaper Expand, MMM Bio 

Get SALT Encoding   

  12  0:01  SCV  
  13  0:13  SCV  
  14  0:19  Supply Depot  
  14  0:25  SCV  
  15  0:41  SCV  
  15  0:42  Barracks  
  16  0:45  Refinery  
  16  0:53  SCV  
  17  1:05  SCV  
  18  1:17  SCV  
  19  1:30  Orbital Command, Reaper  
  20  1:39  Command Center  
  20  1:50  Barracks  
  20  1:56  SCV  
  21  2:04  Barracks Reactor, Supply Depot  
  21  2:08  SCV  
  22  2:11  Refinery  
  22  2:20  SCV  
  23  2:24  Factory  
  23  2:32  SCV  
  24  2:37  Barracks Tech Lab  
  24  2:42  Marine x2  
  26  2:44  SCV  
  26  2:51  Orbital Command  
  27  2:57  Stimpack, SCV  
  28  3:02  Marine x2  
  28  3:03  Marine  
  31  3:09  SCV  
  32  3:14  Starport  
  32  3:19  SCV  
  33  3:20  Factory Reactor  
  33  3:21  SCV  
  33  3:25  Marine x2  
  36  3:27  Marine  
  36  3:31  SCV  
  36  3:33  SCV  
  39  3:36  Supply Depot  
  39  3:43  SCV  
  39  3:46  Marine, SCV  
  39  3:47  Marine  
  43  3:48  Supply Depot  
  43  3:49  Marine  
  43  3:55  SCV  
  45  3:58  SCV  
  45  4:01  Medivac x2  
  50  4:04  Marine  
  50  4:05  Marine  
  50  4:07  Marine  
  53  4:10  SCV  
  53  4:11  SCV  
  53  4:14  Engineering Bay  
  55  4:21  Supply Depot  
  55  4:22  SCV  
  55  4:23  Marine, SCV  
  55  4:24  Marine  
  58  4:25  Marine  
  60  4:34  Supply Depot, SCV  
  60  4:35  SCV  
  62  4:41  Terran Infantry Weapons Level 1  
  62  4:49  Command Center  
  62  4:50  Marine  
  62  4:51  Marine x2  
  65  4:56  SCV  
  66  5:01  Combat Shields  
  66  5:04  Barracks  
  66  5:09  SCV x2  
  66  5:11  Barracks  
  66  5:13  Barracks  
  68  5:14  Marine x2  
  69  5:23  Factory Reactor  
  69  5:24  Marine  
  69  5:26  Refinery, SCV  
  69  5:27  Refinery  
  69  5:28  SCV  
  72  5:31  Supply Depot  
  72  5:38  Marine x2  
  72  5:39  SCV  
  72  5:40  SCV  
  72  5:42  Armory, Marine  
  76  5:44  Engineering Bay  
  76  5:45  Medivac  
  78  5:52  Medivac, Barracks Reactor  
  78  5:53  SCV x2  
  78  5:56  Marine  
  83  5:59  Barracks Reactor  
  83  6:00  Marine, Barracks Reactor  
  84  6:05  SCV x2  
  84  6:07  Supply Depot  
  86  6:13  Marine  
  86  6:14  Marine  
  86  6:15  Widow Mine x2  
  86  6:17  Terran Infantry Armor Level 1  
  86  6:18  Supply Depot  
  92  6:19  SCV  
  92  6:20  SCV  
  94  6:27  Orbital Command  
  94  6:30  Marine x2  
  94  6:31  SCV  
  94  6:32  SCV  
  98  6:33  Marine x2  
  100  6:42  Terran Infantry Weapons Level 2  
  100  6:44  SCV  
  100  6:47  Marine x3  
  101  6:50  Marine x2  
  101  6:53  SCV x2  
  106  6:57  Widow Mine x2  
  106  6:58  Supply Depot  
  106  6:59  Marine x2  
  106  7:00  Marine x2  
  114  7:08  SCV x3  
  116  7:16  Marine  
  116  7:19  Marine  
  109  7:24  Marine x2  
  109  7:25  Marine x5  
  109  7:26  Widow Mine x2  
  109  7:28  Medivac x2  
  110  7:33  Barracks, Marine  
  110  7:35  Barracks  
  110  7:36  Barracks  
  111  7:37  Marine  
  111  7:42  Marine x2  
  114  7:46  Supply Depot  
  114  7:47  Supply Depot  
  114  7:49  Marine x3  
  117  7:55  Widow Mine x2  
  117  7:58  Medivac, Marine x2  
  125  8:03  Supply Depot  
  125  8:04  Supply Depot  
  125  8:08  Medivac, Marine x5  
  125  8:10  Marine x2  
  125  8:11  Supply Depot  
  134  8:13  Supply Depot  
  134  8:15  Marine x2  
  134  8:17  Terran Infantry Armor Level 2  
  135  8:26  Barracks Tech Lab  
  137  8:30  Barracks Tech Lab, Barracks Reactor  
  137  8:31  Widow Mine  
  137  8:32  Widow Mine  
  137  8:33  Marine x2  
  141  8:35  Medivac  
  141  8:38  Medivac  
  145  8:45  Marine x2  
  145  8:46  Marine  
  145  8:47  Marauder x2  
  152  8:50  Concussive Shells  
  152  8:51  Marauder  
  152  8:54  Supply Depot  
  152  8:55  Supply Depot  
  154  9:01  Marine x2  
  154  9:02  Marine  
  154  9:03  Widow Mine  
  154  9:05  Medivac  
  154  9:08  Marine x2, Marauder  
  154  9:09  Marauder  
  160  9:12  Marauder  
  160  9:14  Marine x3  
  165  9:18  Supply Depot, Terran Infantry Weapons Level 3  
  165  9:19  Widow Mine, Supply Depot  
  167  9:29  Marauder  
  167  9:30  Marauder  
  171  9:33  Marauder  
  171  9:35  Marine x2  
  171  9:36  Marine x2  
  177  9:39  Widow Mine  
  177  9:42  Marine x2  
  181  9:49  Medivac x2  
  181  9:51  Marine x2, Marauder  
  181  9:52  Marauder  
  191  9:55  Marauder  
  189  10:01  Marine x2  
  189  10:06  Marine  
  165  10:08  Widow Mine x2  
  165  10:12  Marauder  
  165  10:13  Marauder  
  169  10:16  Marine x2  
  169  10:19  Marine x2  
  169  10:20  Marine x2, Marauder  
  154  10:22  Medivac x2  
  158  10:34  Marauder x2  
  162  10:41  Marine x2, Marauder  
  162  10:42  Marine x4  
  164  10:46  Widow Mine x2  
  164  10:47  Unknown  
  164  10:48  Unknown x2  
  168  10:55  Marauder  
  168  10:56  Marauder  
  168  10:57  Liberator x2, Marine x2  
  164  11:07  Marauder  
  164  11:09  Marine x3  
  164  11:10  Marine x3  
  164  11:11  Marine  
  165  11:13  Unknown  
  165  11:16  Marauder  
  162  11:20  Widow Mine x2  
  162  11:21  Marine x2  
  166  11:29  Unknown  
  163  11:36  Marine x2  
  163  11:37  Marine  
  163  11:38  Marine  
  150  11:42  Marine x8  
  150  11:44  Marauder  
  154  11:53  Widow Mine x2, Orbital Command  
  158  11:54  Marine x2  
  158  12:01  Marauder x2  
  164  12:02  Marine x2  
  164  12:03  Marine x2  
  164  12:05  Marine x2  
  170  12:09  Medivac x2  
  170  12:13  Missile Turret  
  174  12:16  Missile Turret  
  174  12:18  Missile Turret  
  174  12:20  Missile Turret  
  174  12:24  Marauder  
  175  12:42  Marauder x2  
  175  12:44  Marine  
  175  12:45  Marine  
  175  12:49  Marine x8  
  175  12:50  Marine  
  176  13:02  Marine x2  
  176  13:03  Marine x2  
  132  13:07  Marine x6  
  132  13:08  Marine  
Show
View Real Time Build Order
Export as new Build Order

LiquidSnute Zerg - Winner!

Build Orders: Hatch First 

Get SALT Encoding   

  12  0:00  Drone  
  13  0:12  Overlord  
  13  0:16  Drone  
  14  0:30  Drone x2  
  14  0:33  Drone  
  17  0:51  Hatchery  
  17  0:54  Drone  
  17  0:57  Drone  
  17  1:01  Extractor  
  17  1:12  Spawning Pool  
  17  1:15  Drone  
  18  1:18  Drone  
  18  1:27  Drone  
  19  1:38  Overlord  
  19  1:49  Drone  
  20  1:58  Queen  
  20  2:00  Zergling x2  
  23  2:02  Metabolic Boost  
  23  2:03  Queen  
  23  2:05  Zergling x2  
  26  2:11  Drone  
  26  2:15  Drone  
  28  2:21  Drone  
  29  2:26  Drone  
  30  2:32  Drone  
  30  2:34  Queen  
  30  2:36  Overlord  
  33  2:43  Drone  
  34  2:46  Drone  
  35  2:53  Drone  
  35  2:58  Drone  
  37  3:04  Drone  
  38  3:06  Drone x3  
  38  3:07  Overlord  
  38  3:11  Overlord  
  41  3:13  Drone x2  
  41  3:16  Drone  
  44  3:23  Hatchery  
  43  3:27  Queen, Drone x2  
  43  3:30  Overlord  
  47  3:34  Queen  
  47  3:38  Drone  
  47  3:39  Drone  
  47  3:40  Drone  
  52  3:42  Drone  
  52  3:44  Drone  
  52  3:45  Drone  
  52  3:47  Drone  
  56  3:48  Drone  
  56  3:51  Drone  
  56  3:54  Drone  
  59  4:03  Queen  
  59  4:09  Drone x2  
  64  4:10  Drone  
  64  4:12  Queen  
  64  4:15  Overlord, Drone x2  
  67  4:35  Queen  
  67  4:37  Drone x7  
  76  4:39  Queen  
  76  4:43  Evolution Chamber  
  76  4:45  Evolution Chamber, Zergling x6  
  79  4:47  Queen  
  79  4:49  Zergling x2  
  79  4:50  Overlord, Zergling x2  
  82  4:58  Overlord  
  82  5:04  Baneling Nest  
  81  5:11  Zerg Ground Armor Level 1  
  81  5:13  Zergling x14  
  88  5:15  Zerg Melee Weapons Level 1  
  88  5:20  Zergling x8  
  91  5:28  Overlord  
  91  5:36  Overlord, Drone  
  91  5:37  Drone x4  
  91  5:38  Extractor  
  91  5:39  Drone  
  91  5:40  Extractor  
  91  5:41  Extractor  
  94  5:45  Extractor  
  94  5:46  Extractor  
  94  5:48  Hatchery  
  94  5:49  Drone x2  
  96  5:50  Drone x3  
  96  5:53  Baneling x3  
  96  5:54  Baneling  
  96  5:55  Hatchery  
  97  6:03  Queen  
  99  6:04  Queen  
  99  6:09  Zergling x14  
  99  6:10  Zergling x4  
  108  6:15  Zergling x4  
  108  6:17  Overlord  
  110  6:24  Drone x2  
  111  6:26  Lair  
  111  6:38  Zergling x2  
  111  6:39  Zergling x18  
  121  6:40  Overlord  
  122  7:01  Zergling x14  
  122  7:04  Overlord  
  122  7:07  Drone x5  
  122  7:08  Drone x2  
  126  7:26  Zergling x20  
  136  7:32  Zerg Melee Weapons Level 2, Centrifical Hooks, Zerg Ground Armor Level 2  
  136  7:37  Spire  
  136  7:40  Overlord x2  
  136  7:41  Zergling x2  
  136  7:42  Zergling x14  
  143  7:46  Pneumatized Carapace  
  143  7:49  Overlord x2, Spore Crawler  
  143  7:50  Zergling x6, Spore Crawler  
  143  7:51  Zergling x6  
  147  7:54  Burrow  
  147  8:13  Zergling x28  
  147  8:14  Overlord  
  161  8:25  Zergling x16  
  169  8:27  Overseer x2  
  169  8:28  Overseer  
  169  8:30  Baneling x7  
  169  8:31  Baneling x11  
  169  8:32  Baneling  
  169  8:54  Zerg Flyer Weapons Level 1  
  162  9:06  Zergling x4  
  162  9:07  Zergling x50  
  182  9:13  Zergling x2  
  182  9:14  Zergling x12  
  182  9:16  Overlord  
  187  9:30  Zergling x20  
  188  9:41  Baneling x10  
  188  9:42  Baneling x7  
  188  9:47  Overlord  
  173  10:05  Zergling x2  
  173  10:06  Zergling x40  
  173  10:07  Zergling x6  
  168  10:19  Mutalisk x4  
  168  10:20  Mutalisk x3  
  173  10:26  Mutalisk  
  173  10:27  Mutalisk x2  
  179  10:36  Mutalisk x5  
  184  10:43  Mutalisk x4  
  192  10:54  Mutalisk x5  
  192  10:57  Zergling x6  
  188  10:59  Baneling x2  
  188  11:08  Zergling x2  
  188  11:09  Zergling x18  
  188  11:11  Baneling x5  
  185  11:20  Zergling x2  
  185  11:21  Zergling x16  
  186  11:39  Zergling x8  
  172  11:40  Zergling x18  
  172  11:43  Baneling x7  
  172  11:44  Baneling x11  
  170  11:55  Overseer  
  170  11:56  Mutalisk  
  172  12:03  Mutalisk  
  174  12:08  Mutalisk  
  174  12:11  Hatchery  
  174  12:13  Zergling x22  
  174  12:14  Zergling x4  
  188  12:15  Baneling x2  
  188  12:16  Baneling x2  
  188  12:43  Zergling x18  
  194  12:45  Hatchery  
  183  13:04  Zergling x2  
  183  13:05  Zergling x36  
Tags
 
Add a new tag
Caveats
  • Supply blocks, unpowered buildings, or Contaminate may cause inaccurate times.
  • Supply counts are checked every 10 seconds.